 Dungeon Crawl Stone Soup version 0.27-a0-1359-ga2a4dfd6fd (webtiles) character file.

Game seed: 13208864357530886875

25 dickylongcocking the Skirmisher (level 3, -3/29 HPs)
             Began as a Djinni Hedge Wizard on June 29, 2021.
             Slain by an iguana (13 damage)
             ... on level 2 of the Dungeon.
             The game lasted 00:00:46 (1608 turns).

dickylongcocking the Skirmisher (DjWz)              Turns: 1608, Time: 00:00:47

Health: -3/29      AC:  2    Str:  9    XL:     3   Next: 17%
Gold:   64         EV: 12    Int: 16    God:
                   SH:  0    Dex: 12

rFire    + + .     SeeInvis .   a - +0 dagger
rCold    x . .     Faith    .   (no shield)
rNeg     . . .     Spirit   .   b - +0 robe
rPois    ∞         Reflect  .   c - +0 hat
rElec    .         Harm     .   (no cloak)
rCorr    .         Rampage  .   (no gloves)
Will     .....                  (boots unavailable)
Stlth    ++........             (no amulet)
HPRegen  0.09/turn              (no ring)
MPRegen  0.00/turn              (no ring)

@: flying, very slightly contaminated
A: sickness immunity, fire resistance 2, cold vulnerability 1, float, innate
caster, hp casting, extra vitality 1
a: no special abilities


You were on level 2 of the Dungeon.
You visited 1 branch of the dungeon, and saw 2 of its levels.

You collected 64 gold pieces.

Inventory:

Hand Weapons
 a - a +0 dagger (weapon)
Armour
 b - a +0 robe (worn)
 c - a +0 hat (worn)
Scrolls
 d - a scroll of summoning {unknown}
 f - a scroll of teleportation {unknown}
Potions
 e - a potion of haste {unknown}


   Skills:
 * Level 2.5 Fighting
 - Level 2.1 Dodging
 - Level 1.5 Stealth
 - Level 2.4 Spellcasting


You couldn't memorise any spells.
You knew the following spells:

 Your Spells              Type           Power      Damage    Failure   Level
a - Magic Dart            Conj           36%        1d4       8%          1
b - Blink                 Tloc           N/A        N/A       11%         2
c - Call Imp              Summ           9%         N/A       11%         2
d - Slow                  Hex            9%         N/A       11%         2
e - Conjure Flame         Conj/Fire      9%         6-21      22%         3
f - Mephitic Cloud        Conj/Pois/Air  9%         N/A       22%         3
g - Sandblast             Erth           18%        2d7       8%          1
Your spell library was empty.

Dungeon Overview and Level Annotations

Branches:
Dungeon (2/15)

Altars:


Innate Abilities, Weirdness & Mutations

You are immune to sickness and miasma.
You are immune to poison.
Your flesh is very heat resistant. (rF++)
You are vulnerable to cold. (rC-)
You float through the air rather than walking.
You learn spells naturally, not from books.
Your magical power is your life essence.
You have superior vitality. (+4 HP)


Message History

You see here a jackal skeleton.
Key pressed, stopping explore.
Done exploring.
Done exploring.
Done exploring.
Done exploring.
You can't see any susceptible monsters within range! (Use Z to cast anyway.) Done exploring.
Done exploring.
Done exploring.
(D) Dungeon
Where to? (? - help)
There is a stone staircase leading down here.
You fly downwards.
An iguana comes into view.
There is a stone staircase leading up here.
An iguana is nearby!
An iguana is nearby!
An iguana is nearby!
An iguana is nearby!
The magic dart hits the iguana but does no damage.
The iguana hisses angrily.
The iguana hisses menacingly.
The magic dart hits the iguana but does no damage.
The magic dart hits the iguana.
The iguana is lightly wounded.
The magic dart hits the iguana but does no damage.
The iguana is lightly wounded.
The magic dart hits the iguana.
The iguana is moderately wounded.
The iguana bites you!
Casting: Magic Dart (safe; 8% risk of failure)
Confirm with . or Enter, or press ? or * to list all spells.
Aiming: Magic Dart (safe; 8% risk of failure)
Press: ? - help, Shift-Dir - straight line, f/p - iguana
Aim: an iguana (moderately wounded, 100% to hit)
You miscast Magic Dart.
You are very lightly contaminated with residual magic.
Nothing appears to happen.
The iguana bites you!
You die...

##+## ##...##
##.....##
##.......####
#............
+............
#..........#
#..l@...#
##.....##
##...## ##+##


You could see an iguana.

Vanquished Creatures
  2 endoplasms (D:1)
  A giant cockroach (D:1)
  3 goblins (D:1)
  A hobgoblin (D:1)
  3 jackals (D:1)
  3 kobolds (D:1)
  A quokka (D:1)
  A ball python (D:1)
  4 bats (D:1)
  A frilled lizard (D:1)
  A rat (D:1)
21 creatures vanquished.

Notes
Turn   | Place    | Note
-------+----------+-------------------------------------------
     0 | D:1      | dickylongcocking the Djinni Hedge Wizard began the quest
                  | for the Orb.
     0 | D:1      | Reached XP level 1. HP: 15/15 MP: 0/0
   192 | D:1      | Reached skill level 1 in Fighting
   296 | D:1      | Reached XP level 2. HP: 14/22 MP: 0/0
  1100 | D:1      | Reached XP level 3. HP: 22/29 MP: 0/0
  1100 | D:1      | Learned a level 1 spell: Sandblast
  1608 | D:2      | Slain by an iguana

Illustrated notes

Levels and vault maps discovered:
D:1:      saegor_arrival_simple_e, layout_loops_ring
D:2:      layout_loops_corners, basic_altar, minmay_misc_feat_five,
          kennysheep_generic_room_14, uniq_jessica

Skill      XL: |  1  2 |
---------------+-------+-----
Fighting       | 1 2 |  2.5
Dodging        | |  2.1
Stealth        | |  1.5
Spellcasting   | |  2.4

Action                   || total
-------------------------++-------
Melee: Dagger            ||    19
 Cast: Magic Dart        ||    49
Armor: Robe              ||     5
Dodge: Dodged            ||    25

Table legend: (Time is in decaauts)
 A = Elapsed time spent in this place.
 B = Non-inter-level travel time spent in this place.
 C = Inter-level travel time spent in this place.
 D = Time resting spent in this place.
 E = Time spent auto-exploring this place.
 F = Levels seen in this place.
 G = Mean time per level.
                   A        B        C        D        E       F      G
               +--------+--------+--------+--------+--------+-----+--------+
         Total |   1607 |   1573 |     34 |    171 |   1286 |   2 |  803.5 |
       Dungeon |   1607 |   1573 |     34 |    171 |   1286 |   2 |  803.5 |
               +--------+--------+--------+--------+--------+-----+--------+

Top non-repeatable levels by time:
     D:1: 1602 daAuts
     D:2: 5 daAuts
